 Dungeon Crawl Stone Soup version 0.31-a0-175-g9f7f995f2b (webtiles) character file.

Game seed: 12648472422899447499

200 qw the Chopper (level 5, -3/33 HPs)
             Began as a Gargoyle Fighter on June 16, 2023.
             Slain by an orc warrior
             ... wielding a +0 long sword
              (5 damage)
             ... on level 4 of the Dungeon.
             The game lasted 00:01:21 (2470 turns).

qw the Chopper (Gargoyle Fighter)                   Turns: 2470, Time: 00:01:22

Health: -3/33      AC: 14    Str: 21    XL:     5   Next: 78%
Magic:  5/5        EV:  9    Int:  9    God:
Gold:   89         SH:  4    Dex:  9    Spells: 4/4 levels left

rFire   . . .        Y - +0 war axe
rCold   . . .        c - +0 buckler
rNeg    + . .        b - +0 scale mail
rPois   inf          (no helmet)
rElec   +            (no cloak)
rCorr   .            (no gloves)
SInv    .            (no boots)
Will    .....        (no amulet) Stlth
                     (no ring)
HPRegen 0.25/turn    (no ring)
MPRegen 0.09/turn

%: no passive effects
@: no status effects
A: sickness immunity, AC +4, negative energy resistance 1, electricity
resistance, torment resistance 1, petrification resistance, iridescent scales 2,
evolution 1
a: no special abilities


You were on level 4 of the Dungeon.
You visited 1 branch of the dungeon, and saw 4 of its levels.

You collected 89 gold pieces.


Innate Abilities, Weirdness & Mutations

You are immune to sickness and miasma.
Your stone body is resilient. (AC +4)
You are immune to poison.
You resist negative energy. (rN+)
You are resistant to electric shocks. (rElec)
You are resistant to unholy torment.
You are immune to petrification.
You are mostly covered in iridescent scales. (AC +4)
You have hidden genetic potential.


   Skills:
 + Level 3.8 Fighting
 - Level 5.0 Axes
 - Level 3.2 Armour
 - Level 3.2 Shields


You had 4 spell levels left.
You didn't know any spells.
Your spell library was empty.

Inventory:

Hand Weapons
 g - a +0 mace
 i - a +2 mace of draining
 Y - a +0 war axe (weapon)
Armour
 b - a +0 scale mail (worn)
 c - a +0 buckler (worn)
Potions
 d - a potion of might
 h - a potion of ambrosia {unknown}
 j - a potion of mutation
 k - a potion of resistance {unknown}
 o - a potion of brilliance {unknown}

Dungeon Overview and Level Annotations

Branches:
Dungeon (4/15)
 Temple: D:4-7

Altars:
Fedhas
Hepliaklqana

Shops:
D:3 =

Annotations:
D:3 exclusion: goblin


Message History

You closely miss the orc priest.
The orc priest is moderately wounded.
You slash the orc warrior! You barely miss something.
You hear some strange, mumbled words.
A magic dart appears from out of thin air!
The magic dart hits you.
The orc priest mumbles some strange prayers to Beogh against you.
Pain shoots through your body! You block the orc warrior's attack.
You hit the orc warrior but do no damage.
The orc warrior is moderately wounded.
You slash the orc priest! You closely miss something.
Something hits you but does no damage.
The orc priest hits you but does no damage.
The orc warrior hits you with a +0 long sword.
You slash the orc priest!
You kill the orc priest!
You barely miss something. You barely miss the orc warrior. Something hits you.
The orc warrior hits you with a +0 long sword!
You barely miss the orc warrior.
The orc warrior is moderately wounded.
You hit something but do no damage. Something hits you but does no damage.
The orc warrior hits you with a +0 long sword.
Something hits you but does no damage.
The orc warrior hits you with a +0 long sword.
You hit the orc warrior.
The orc warrior is moderately wounded.
You slash something! Something hits you but does no damage.
You block the orc warrior's attack.
You slash the orc warrior!
The orc warrior is severely wounded.
You miss something. Something hits you but does no damage.
You block the orc warrior's attack.
You closely miss the orc warrior.
The orc warrior is severely wounded.
You hit something but do no damage. Something hits you but does no damage.
The orc warrior hits you with a +0 long sword.
You die...

#. ######### #.
#.......#
#.####.#####
###...#.....<#
#PP..#..P#.###
#..P..¤..)^...:.#
#P..#P...P...#####
.. #P¤@oP...#
#¤..P){.....#
##PP#.¤¤¤..##
#..#..¤.¤..#
#...P.P¤¤..#
##.........#
##.....####
#######


You could see an orc warrior.

Vanquished Creatures
  An orc priest (D:4)
  An orc wizard (D:4)
  6 adders
  A worm (D:2)
  2 dart slugs
  4 orcs (D:3)
  9 ball pythons
  4 endoplasms
  5 giant cockroaches
  13 goblins
  11 hobgoblins
  A kobold (D:1)
  3 quokkas
  6 bats
  2 frilled lizards
  5 rats
74 creatures vanquished.

Notes
Turn   | Place    | Note
-------+----------+-------------------------------------------
     0 | D:1      | qw the Gargoyle Fighter began the quest for the Orb.
     0 | D:1      | Reached XP level 1. HP: 14/14 MP: 1/1
     0 | D:1      | 0 ||| qw: Version: 0.2-a-29-g511e9b1
     0 | D:1      | 0 ||| qw: Game counter: 5872
     0 | D:1      | 0 ||| qw: Always use a shield: true
     0 | D:1      | 0 ||| qw: God list: Okawaru
     0 | D:1      | 0 ||| qw: Allow faded altars: false
     0 | D:1      | 0 ||| qw: Do Orc after D:15 true
     0 | D:1      | 0 ||| qw: Do second Lair branch before Depths: true
     0 | D:1      | 0 ||| qw: Lair rune preference: random
     0 | D:1      | 0 ||| qw: Plans: Normal, Zot:1-4, Slime:5, God:TSO, Crypt,
                  | Tomb, Abyss, Pan, Hells, Win
     0 | D:1      | 0 ||| PLANNING D:1-11
    50 | D:1      | Reached skill level 2 in Axes
    97 | D:1      | Reached XP level 2. HP: 12/19 MP: 2/2
   493 | D:1      | Reached skill level 3 in Axes
   555 | D:1      | 555 ||| Stepping ~*~*~tactically~*~*~ (stealth).
   560 | D:1      | Reached XP level 3. HP: 23/23 MP: 3/3
   755 | D:1      | 755 ||| READING scroll labelled JEGUPE YNNY.
   756 | D:1      | 756 ||| READING scroll labelled KEVUJ IFAQYM.
   757 | D:1      | 757 ||| READING scroll labelled TIENIP RULYPN.
   758 | D:1      | 758 ||| READING scroll labelled BEUGHUNILL.
   865 | D:2      | Reached XP level 4. HP: 25/28 MP: 4/4
  1172 | D:2      | 1172 ||| DROPPING +0 club.
  1199 | D:2      | Reached skill level 4 in Axes
  1803 | D:2      | 1803 ||| READING scroll labelled HASTIB XOUMASU.
  1804 | D:2      | 1804 ||| DRINKING 2 fizzy white potions.
  1804 | D:2      | Gained mutation: You are partially covered in iridescent
                  | scales. (AC +2) [potion of mutation]
  1804 | D:2      | Gained mutation: You have hidden genetic potential. [potion
                  | of mutation]
  1837 | D:3      | Found Oxkut's Jewellery Emporium.
  1851 | D:3      | 1851 ||| SHOPLISTING +6 ring of strength (504 gold, have
                  | 62).
  1851 | D:3      | 1851 ||| SHOPLISTING ring "Fauluapao" {Wiz Will+ Str+4
                  | Int+3} (802 gold, have 62).
  1851 | D:3      | 1851 ||| SHOPLISTING ring of ice (350 gold, have 62).
  1851 | D:3      | 1851 ||| SHOPLISTING ring of protection from cold (350
                  | gold, have 62).
  1851 | D:3      | 1851 ||| SHOPLISTING ring of protection from fire (350
                  | gold, have 62).
  1851 | D:3      | 1851 ||| SHOPLISTING ring of see invisible (210 gold, have
                  | 62).
  1974 | D:3      | Found a blossoming altar of Fedhas.
  1975 | D:3      | 1975 ||| Stepping ~*~*~tactically~*~*~ (stealth).
  1978 | D:3      | 1978 ||| Stepping ~*~*~tactically~*~*~ (stealth).
  2165 | D:3      | Reached XP level 5. HP: 32/32 MP: 5/5
  2185 | D:3      | 2185 ||| Stepping ~*~*~tactically~*~*~ (stealth).
  2237 | D:3      | 2237 ||| FLEEEEING.
  2275 | D:3      | 2275 ||| READING scroll labelled ABANWISHRORPH.
  2379 | D:3      | 2379 ||| READING scroll labelled FER VIBROSYKU.
  2380 | D:3      | 2380 ||| READING scroll labelled KETUICW JAQAG.
  2384 | D:3      | 2384 ||| DRINKING 2 emerald potions.
  2385 | D:3      | 2385 ||| DRINKING 3 green potions.
  2386 | D:3      | 2386 ||| DRINKING 2 fuming cyan potions.
  2387 | D:3      | 2387 ||| DROPPING potion of invisibility.
  2388 | D:3      | 2388 ||| DROPPING potion of enlightenment.
  2419 | D:4      | Found a hazy altar of Hepliaklqana.
  2421 | D:4      | 2421 ||| Stepping ~*~*~tactically~*~*~ (hiding).
  2437 | D:4      | Reached skill level 5 in Axes
  2448 | D:4      | Gained mutation: You are mostly covered in iridescent
                  | scales. (AC +4) [hidden potential]
  2453 | D:4      | Noticed an orc warrior
  2457 | D:4      | HP: 2/32 [orc priest/divine providence (13)]
  2458 | D:4      | 2458 ||| DRINKING 2 potions of heal wounds.
  2462 | D:4      | HP: 6/32 [orc warrior/+0 long sword (14)]
  2463 | D:4      | 2463 ||| DRINKING potion of heal wounds.
  2467 | D:4      | HP: 2/33 [orc warrior/+0 long sword (4)]
  2470 | D:4      | Slain by an orc warrior

Levels and vault maps discovered:
D:1:      amcnicky_arrival_blooded_trapdoor, layout_basic
D:2:      layout_loops_corners, moated_statue, nrook_uturn
D:3:      layout_rooms, mainiacjoe_overflow_cross_hatched, serial_shops,
          nicolae_square_shop, minmay_goblin_outpost
D:4:      layout_basic, nicolae_hepliaklqana_hazy_memory

Skill      XL: |  1  2  3  4  5 |
---------------+----------------+-----
Axes           | 2 3 4 5 |  5.0
Fighting       | |  3.8
Armour         | |  3.2
Shields        | |  3.2

Action                     |  1- 3 |  4- 6 || total
---------------------------+-------+-------++-------
  Melee: War axe           |    80 |   134 ||   214
  Throw: Boomerang         |       |    14 ||    14
    Use: Scroll            |     4 |     4 ||     8
         Potion            |       |     6 ||     6
 Armour: Scale mail        |    28 |    78 ||   106
  Dodge: Dodged            |    45 |    45 ||    90
  Block: Buckler           |    12 |    29 ||    41

Table legend:
 A = Non-vault XP
 B = Vault XP
 C = Vault XP percentage of total XP
 D = Non-vault monster count
 E = Vault monster count
 F = Vault count percentage of total count
                 A         B        C        D         E       F
            +---------+---------+-------+---------+---------+-------
      Total |     269 |      17 |   5.9 |      65 |       9 |  12.2
            +---------+---------+-------+---------+---------+-------
        D:1 |      49 |       0 |   0.0 |      27 |       0 |   0.0
        D:2 |      93 |       0 |   0.0 |      19 |       0 |   0.0
        D:3 |      48 |      17 |  26.2 |      17 |       9 |  34.6
        D:4 |      79 |       0 |   0.0 |       2 |       0 |   0.0
            +---------+---------+-------+---------+---------+-------
